 Dungeon Crawl Stone Soup version 0.28.0 (webtiles) character file.

Game seed: 6215185951681831764

97497 LustLizard the Severer (level 15, -3/132 (137) HPs)
             Began as a Minotaur Berserker on Feb 9, 2022.
             Was a High Priest of Trog.
             Slain by an entropy weaver simulacrum (19 damage)
             ... in an ice cave.
             The game lasted 01:18:18 (30919 turns).

LustLizard the Severer (Minotaur Berserker)        Turns: 30919, Time: 01:18:19

HP:   -3/132 (137)  AC: 31    Str: 25    XL:     15   Next: 72%
MP:   14/14         EV:  1    Int: 10    God:    Trog [*****.]
Gold: 1028          SH: 17    Dex: 12    Spells: 14/14 levels left

rFire   . . .      SeeInvis .   l - +5 broad axe (freeze)
rCold   + . .      Faith    .   X - +0 kite shield
rNeg    . . .      Spirit   .   u - +3 crystal plate armour
rPois   .          Reflect  +   (helmet restricted)
rElec   .          Harm     .   C - +1 cloak {rCorr}
rCorr   +          Rampage  .   I - +1 pair of gloves
Will    ++...                   P - +2 pair of boots of Squeaky Mirth {Will+ Int+4}
Stlth   ..........              f - amulet of reflection
HPRegen 0.32/turn               Z - +4 ring of protection
MPRegen 0.14/turn               q - ring of protection from cold

@: on berserk cooldown, slowed, constricted, studying Evocations, lightly
drained, very slow
A: horns 2, retaliatory headbutt
a: Renounce Religion, Berserk, Trog's Hand, Brothers in Arms


You were in an ice cave.
You worshipped Trog.
Trog was extremely pleased with you.
You visited 4 branches of the dungeon, and saw 22 of its levels.
You also visited: Sewer, Ossuary, Gauntlet, Ice Cave and Volcano.

You collected 2224 gold pieces.
You spent 1196 gold pieces at shops.

Inventory:

Hand Weapons
 l - a +5 broad axe of freezing (weapon)
 S - a +3 war axe
Missiles
 d - 29 boomerangs
 j - 3 curare-tipped darts
 k - 364 stones (quivered)
 m - 7 javelins
 v - 29 poisoned darts
 A - 5 silver boomerangs
Armour
 a - the +1 ring mail "Ropheor" {rF++ rC+ Stlth+}
   (You found it on level 6 of the Lair of Beasts)

   rF:        It greatly protects you from fire.
   rC:        It protects you from cold.
   Stlth:     It makes you more stealthy.
 e - a +2 chain mail of poison resistance
 n - an orb of light
 u - a +3 crystal plate armour (worn)
 C - a +1 cloak of preservation (worn)
 I - a +1 pair of gloves (worn)
 P - the +2 pair of boots of Squeaky Mirth (worn) {Will+ Int+4}
   (You found it in a Gauntlet)

   Int:       It affects your intelligence (+4).
   Will:      It increases your willpower.
 Q - the +0 plate armour "Zoog" {rElec}
   (You took it off a minotaur in a Gauntlet)

   rElec:     It insulates you from electricity.
 X - a +0 kite shield (worn)
Jewellery
 f - an amulet of reflection (around neck)
 q - a ring of protection from cold (right hand)
 w - a +4 ring of protection
 Z - a +4 ring of protection (left hand)
Wands
 g - a wand of iceblast (17)
 D - a wand of flame (61)
 E - a wand of mindburst (15)
 M - a wand of polymorph (21)
 W - a wand of charming (8)
 Y - a wand of paralysis (9)
Scrolls
 s - 3 scrolls of blinking
 t - 2 scrolls of summoning
 y - 8 scrolls of teleportation
 B - 4 scrolls of fog
 G - 2 scrolls of silence
 H - 4 scrolls of fear
 K - 4 scrolls of magic mapping
Potions
 b - a potion of resistance
 c - 11 potions of curing
 h - 11 potions of ambrosia
 i - a potion of might
 o - a potion of magic
 r - 2 potions of flight
 x - 2 potions of attraction
 z - 2 potions of heal wounds
 F - a potion of cancellation
 J - 2 potions of haste
 L - 6 potions of mutation
 N - a potion of invisibility


   Skills:
 + Level 13.9 Fighting
 - Level 18.0 Axes
 - Level 16.0 Throwing
 + Level 4.7 Armour
 + Level 4.4 Dodging
 * Level 13.6 Shields
 + Level 11.6 Evocations


You had 14 spell levels left.
You didn't know any spells.
Your spell library was empty.

Dungeon Overview and Level Annotations

Branches:
Dungeon (13/15)            Temple (0/1) D:6            Lair (6/6) D:8
  Swamp (0/4) Lair:4        Snake (0/4) Lair:4        Slime (1/5) Lair:5
    Orc (2/2) D:12            Elf (0/3) Orc:2         Sewer (visited)
Ossuary (visited)           IceCv (1/1)             Volcano (visited)
Gauntlet (visited)
 Vaults: D:13-14

Altars:
Ashenzari
Cheibriados
Elyvilon
Fedhas
Gozag
Kikubaaqudgha
Makhleb
Sif Muna
Uskayaw
Vehumet
Xom
Zin
Beogh
Jiyva

Shops:
D:7 [   Orc:1 [   Orc:2 *([=

Portals:
Trove: D:10 (give 5 scrolls of fog)

Annotations:
IceCv exclusion: ice statue


Innate Abilities, Weirdness & Mutations

You have a pair of horns on your head.
You reflexively headbutt those who attack you in melee.


Message History

You slice the harpy simulacrum!!
The harpy simulacrum vaporises!
Trog accepts your kill.
You hit the elephant simulacrum. You hit the entropy weaver simulacrum.
You hit the anaconda simulacrum.
You slash the entropy weaver simulacrum!
You slice the wolf simulacrum!!
The wolf simulacrum vaporises!
Trog accepts your kill.
You block the anaconda simulacrum's attack.
The anaconda simulacrum constricts you.
You block the entropy weaver simulacrum's attack.
The entropy weaver simulacrum hits you but does no damage.
You block the entropy weaver simulacrum's attack.
The entropy weaver simulacrum completely misses you.
The entropy weaver simulacrum hits you but does no damage. x4
The elephant simulacrum tramples you but does no damage.
The elephant simulacrum trunk-slaps you but does no damage.
The anaconda simulacrum bites you but does no damage.
The anaconda simulacrum constricts you.
The cane toad simulacrum hits you but does no damage.
Okay, then.
Press: ? - help, v - describe, . - travel
Here: an anaconda simulacrum (lightly damaged, constricting you)
The floor.
You feel much better.
You block the anaconda simulacrum's attack.
The anaconda simulacrum constricts you. The entropy weaver simulacrum hits you.
* * * LOW HITPOINT WARNING * * *
The entropy weaver simulacrum freezes you!!
You resist.
* * * LOW HITPOINT WARNING * * *
You block the entropy weaver simulacrum's attack. x2
The entropy weaver simulacrum hits you but does no damage. x3
You block the entropy weaver simulacrum's attack.
The entropy weaver simulacrum hits you.
* * * LOW HITPOINT WARNING * * *
The entropy weaver simulacrum freezes you!!
You resist.
You die...

# ### ..##
...## #...##
##...###
#########
##....##
##.8Z..8.##
##....#
#...Z@Z...#
###..#
#...ZZZ....#
##...#
#..........+
###...##
#..Z........#
##...###
##.........##
...###
#...8...8###
..## ##
#....######
### #.# ...##
# #...


You could see an anaconda simulacrum, a death yak simulacrum, 2 elephant
simulacra, a cane toad simulacrum and 2 entropy weaver simulacra.

Vanquished Creatures
  Rupert (Lair:5)
  Kirke (Lair:4)
  An orc warlord (Orc:2)
  A stone giant (Orc:2)
  A minotaur (Gauntlet)
  The ghost of Gutyqen the Carver, a journeyman TeMo of the Shining One (Lair:6)
  A green death (Gauntlet)
  Josephine (D:10)
  A yaktaur captain (D:11)
  3 ettins (Orc:2)
  6 hydras
  An ogre mage (D:11)
  A catoblepas (Lair:6)
  A centaur warrior (D:13)
  8 death yaks
  9 two-headed ogres
  An orc high priest (Orc:2)
  Nergalle (D:11)
  A fire crab (Lair:5)
  2 wizards (Gauntlet)
  2 lindwurms (Volcano)
  A necromancer (IceCv)
  2 orc knights
  2 ugly things
  An orc sorcerer (Orc:2)
  3 manticores
  8 cyclopes
  A toenail golem (Volcano)
  6 black mambas
  7 elephants
  3 molten gargoyles (Volcano)
  15 cane toads
  An orange demon (Gauntlet)
  A gargoyle (D:10)
  A torpor snail (Lair:5)
  2 unseen horrors
  Psyche (D:11)
  7 freezing wraiths (IceCv)
  8 komodo dragons
  3 rime drakes
  2 efreet (Volcano)
  4 ice devils (IceCv)
  3 kobold demonologists
  An anaconda simulacrum (IceCv)
  A queen bee (Lair:2)
  4 trolls
  Grinder (D:3)
  5 polar bears (Lair:6)
  6 hornets (Lair:6)
  27 blink frogs
  2 slime creatures (Lair:5)
  A meliai zombie (D:10)
  A dream sheep (Lair:6)
  2 vampires (D:11)
  2 shadows
  Sigmund (D:2)
  15 spriggans (Lair:6)
  60 yaks
  A yak (shapeshifter) (D:11)
  3 wyverns
  3 hogs (Lair:4)
  8 wraiths
  6 fire elementals (Volcano)
  3 humans (Lair:4)
  2 steam dragons
  13 vampire mosquitoes
  4 basilisks
  3 death yak simulacra (IceCv)
  5 wargs
  A harpy simulacrum (IceCv)
  3 nagas (Lair:4)
  20 water moccasins
  6 acid dragons
  7 black bears
  26 orc warriors
  4 sky beasts
  4 boggarts (Lair:6)
  An ice beast (D:5)
  9 centaurs
  24 wolves
  8 ogres
  3 phantoms
  19 bullfrogs
  4 gnoll sergeants
  2 wyvern zombies
  An earth elemental (Volcano)
  2 cane toad simulacra (IceCv)
  3 scorpions
  2 water moccasin skeletons
  5 elephant simulacra (IceCv)
  27 killer bees
  12 wights
  4 howler monkeys
  A bullfrog zombie (D:6)
  5 centaur zombies
  A centaur skeleton (D:7)
  14 orc priests
  A gnoll shaman (D:7)
  5 hounds
  6 human zombies (Ossuary)
  10 jellies
  Jessica (D:3)
  Terence (D:2)
  4 iguanas
  22 orc wizards
  Natasha (thrice) (D:2)
  7 hell rats (Lair:5)
  2 polar bear simulacra (IceCv)
  3 wolf simulacra (IceCv)
  2 hound zombies (Ossuary)
  2 hound skeletons
  3 mummies (Ossuary)
  14 adders
  25 gnolls
  3 naga simulacra (IceCv)
  A river rat (D:3)
  3 shadow imps (Gauntlet)
  17 white imps
  An ufetubus (D:4)
  An adder skeleton (D:4)
  4 adder zombies (Ossuary)
  A worm (D:4)
  3 dart slugs
  53 orcs
  11 ball pythons
  8 endoplasms
  20 giant cockroaches
  2 goblins
  5 hobgoblins
  8 jackals
  6 kobolds
  8 quokkas
  5 bats
  9 frilled lizards
  2 goblin zombies (Ossuary)
  A hobgoblin zombie (Ossuary)
  4 jackal zombies (Ossuary)
  6 kobold zombies (Ossuary)
  2 orc zombies (Ossuary)
  4 quokka zombies (Ossuary)
  4 rats
  2 rat zombies (Ossuary)
830 creatures vanquished.

Vanquished Creatures (others)
  A molten gargoyle (Volcano)
  94 fungi
  109 plants
204 creatures vanquished.

Grand Total: 1034 creatures vanquished

Notes
Turn   | Place    | Note
-------+----------+-------------------------------------------
     0 | D:1      | LustLizard the Minotaur Berserker began the quest for the
                  | Orb.
     0 | D:1      | Reached XP level 1. HP: 19/19 MP: 0/0
   266 | D:1      | Reached skill level 4 in Axes
   346 | D:1      | Reached XP level 2. HP: 22/27 MP: 1/1
  1139 | D:2      | Noticed Sigmund
  1164 | D:2      | Killed Sigmund
  1165 | D:2      | Reached skill level 5 in Fighting
  1165 | D:2      | Reached skill level 6 in Axes
  1165 | D:2      | Reached XP level 3. HP: 36/36 MP: 2/2
  1165 | D:2      | Reached XP level 4. HP: 42/42 MP: 3/3
  1165 | D:2      | Reached XP level 5. HP: 48/48 MP: 4/4
  1329 | D:2      | Noticed Natasha
  1338 | D:2      | Killed Natasha
  1338 | D:2      | Reached ** piety under Trog
  1465 | D:2      | Noticed Terence
  1480 | D:2      | Killed Terence
  1606 | D:2      | Reached skill level 1 in Throwing
  1702 | D:2      | Reached XP level 6. HP: 52/56 MP: 5/5
  1786 | D:2      | Noticed Natasha
  1793 | D:2      | Killed Natasha
  2138 | D:2      | Reached skill level 7 in Axes
  2269 | D:2      | Noticed Natasha
  2273 | D:2      | Killed Natasha
  2388 | D:3      | Noticed Jessica
  2391 | D:3      | Killed Jessica
  2445 | D:3      | Found a glowing drain.
  2460 | Sewer    | Entered a sewer
  2511 | Sewer    | Reached *** piety under Trog
  2770 | Sewer    | Reached XP level 7. HP: 45/62 MP: 6/6
  2792 | Sewer    | Identified a scroll of acquirement
  2793 | Sewer    | Acquired a manual of Throwing
  3149 | D:3      | Found an opulent altar of Gozag.
  3224 | D:3      | Noticed Grinder
  3241 | D:3      | Paralysed by Grinder for 3 turns
  3247 | D:3      | Killed Grinder
  3248 | D:3      | Reached skill level 8 in Axes
  3723 | D:4      | Reached skill level 5 in Throwing
  3735 | D:4      | Reached XP level 8. HP: 48/71 MP: 7/7
  3906 | D:4      | Reached skill level 9 in Axes
  3909 | D:4      | Reached **** piety under Trog
  4597 | D:4      | Reached skill level 1 in Evocations
  4791 | D:5      | Entered Level 5 of the Dungeon
  4925 | D:5      | Found a sand-covered staircase.
  4963 | Ossuary  | Entered an ossuary
  5155 | Ossuary  | Reached XP level 9. HP: 75/79 MP: 8/8
  5209 | Ossuary  | Reached ***** piety under Trog
  5219 | Ossuary  | Reached skill level 10 in Axes
  5711 | D:5      | Found a white marble altar of Elyvilon.
  6588 | D:6      | Found a staircase to the Ecumenical Temple.
  6934 | D:6      | Identified the +2 leather armour of Naobru Maa {rPois
                  | Will+}
  7326 | D:6      | Reached skill level 11 in Axes
  7887 | D:7      | Reached skill level 10 in Throwing
  7963 | D:7      | Found Tughu's Armour Shoppe.
  8095 | D:7      | Found a shimmering blue altar of Sif Muna.
  8104 | D:7      | Reached XP level 10. HP: 80/89 MP: 9/9
  8287 | D:7      | Reached skill level 5 in Evocations
  8622 | D:7      | Found a shimmering blue altar of Sif Muna.
  8636 | D:7      | Found an ancient bone altar of Kikubaaqudgha.
  8784 | D:7      | Found a radiant altar of Vehumet.
  8786 | D:7      | Received a gift from Trog
  8867 | D:7      | Found a glowing silver altar of Zin.
  9248 | D:8      | Found a viscous altar of Jiyva.
  9452 | D:8      | Found a staircase to the Lair.
  9466 | D:8      | Reached skill level 12 in Axes
  9912 | D:9      | Found a burning altar of Makhleb.
  9971 | D:9      | Found a snail-covered altar of Cheibriados.
  9971 | D:9      | Noticed a two-headed ogre
  9997 | D:9      | Killed a two-headed ogre
 10675 | D:9      | Noticed a two-headed ogre
 10682 | D:9      | Killed a two-headed ogre
 10683 | D:9      | Reached XP level 11. HP: 97/97 MP: 10/10
 10803 | D:9      | Found a shimmering altar of Xom.
 10953 | D:10     | Entered Level 10 of the Dungeon
 11099 | D:10     | Found a broken altar of Ashenzari.
 11168 | D:10     | Noticed a two-headed ogre
 11262 | D:10     | Noticed Josephine
 11282 | D:10     | Killed Josephine
 11283 | D:10     | Reached skill level 13 in Axes
 11753 | D:10     | Found a blossoming altar of Fedhas.
 11796 | D:10     | Found a portal to a secret trove of treasure.
 11851 | D:10     | Killed a two-headed ogre
 11958 | D:10     | Reached skill level 10 in Fighting
 12211 | D:11     | Noticed Nergalle
 12225 | D:11     | Killed Nergalle
 12301 | D:11     | Received a gift from Trog
 12687 | D:11     | Noticed Psyche
 12693 | D:11     | Killed Psyche
 12785 | D:11     | Reached skill level 1 in Shields
 13263 | D:11     | Noticed an ogre mage
 13271 | D:11     | Killed an ogre mage
 13272 | D:11     | Reached XP level 12. HP: 54/107 MP: 11/11
 13296 | D:11     | Noticed a two-headed ogre
 13301 | D:11     | Killed a two-headed ogre
 13302 | D:11     | Reached skill level 14 in Axes
 13391 | D:11     | Noticed a yaktaur captain
 13407 | D:11     | Killed a yaktaur captain
 13950 | D:11     | Found a hide-covered altar of Uskayaw.
 14106 | D:11     | Noticed a two-headed ogre
 14113 | D:11     | Killed a two-headed ogre
 14414 | D:12     | Noticed a two-headed ogre
 14424 | D:12     | Killed a two-headed ogre
 14638 | D:12     | Noticed a four-headed hydra
 14649 | D:12     | Killed a six-headed hydra
 15048 | D:12     | Noticed a two-headed ogre
 15059 | D:12     | Killed a two-headed ogre
 15229 | D:12     | Reached skill level 5 in Shields
 15336 | D:12     | Noticed a five-headed hydra
 15340 | D:12     | Killed a five-headed hydra
 15641 | D:12     | Found a staircase to the Orcish Mines.
 15650 | D:12     | Noticed a two-headed ogre
 15660 | D:12     | Killed a two-headed ogre
 16412 | Orc:1    | Entered Level 1 of the Orcish Mines
 16619 | Lair:1   | Entered Level 1 of the Lair of Beasts
 17118 | Lair:1   | Reached XP level 13. HP: 107/116 MP: 12/12
 17161 | Lair:1   | Reached skill level 15 in Axes
 17854 | Lair:2   | Received a gift from Trog
 18472 | Lair:2   | Reached skill level 10 in Evocations
 20449 | Lair:4   | Noticed Kirke
 20509 | Lair:4   | Noticed a sphinx
 20519 | Lair:4   | Killed Kirke
 20520 | Lair:4   | Reached skill level 15 in Throwing
 20741 | Lair:4   | Received a gift from Trog
 20780 | Lair:4   | Reached skill level 16 in Axes
 21085 | Lair:4   | Found a staircase to the Snake Pit.
 21145 | Lair:4   | Reached XP level 14. HP: 67/126 MP: 13/13
 21593 | Lair:4   | Found a staircase to the Swamp.
 22024 | Lair:5   | Found a gate leading to a gauntlet.
 22045 | Gauntlet | Entered a Gauntlet
 22045 | Gauntlet | Found a transporter.
 22045 | Gauntlet | Found a transporter.
 22045 | Gauntlet | Found a transporter.
 22077 | Gauntlet | Found a transporter.
 22081 | Gauntlet | Found a transporter.
 22091 | Gauntlet | Found a transporter.
 22091 | Gauntlet | Found a transporter.
 22099 | Gauntlet | Found a transporter.
 22117 | Gauntlet | Found a transporter.
 22122 | Gauntlet | Found a transporter.
 22127 | Gauntlet | Found a transporter.
 22147 | Gauntlet | Found a transporter.
 22337 | Gauntlet | Identified the +2 pair of boots of Squeaky Mirth {Will+
                  | Int+4}
 22393 | Gauntlet | Identified the +0 plate armour "Zoog" {rElec}
 22726 | Lair:5   | Noticed Rupert
 22737 | Lair:5   | Killed Rupert
 22801 | Lair:5   | Found a staircase to the Slime Pits.
 23065 | Lair:5   | Received a gift from Trog
 23290 | Lair:5   | Reached skill level 10 in Shields
 24039 | Slime:1  | Entered Level 1 of the Pits of Slime
 24039 | Slime:1  | Noticed an acid blob
 24069 | Lair:6   | Entered Level 6 of the Lair of Beasts
 24292 | Lair:6   | Noticed Gutyqen's ghost (journeyman TeMo)
 24295 | Lair:6   | Found a transporter.
 24375 | Lair:6   | Found a transporter.
 24391 | Lair:6   | Reached skill level 17 in Axes
 25486 | Lair:6   | Identified the +1 ring mail "Ropheor" {rF++ rC+ Stlth+}
 26157 | Lair:6   | Received a gift from Trog
 26703 | Lair:6   | Reached XP level 15. HP: 134/135 MP: 14/14
 26726 | Lair:6   | Killed Gutyqen's ghost
 27672 | Orc:1    | Found Syusishrub's Armour Boutique.
 28224 | Orc:2    | Entered Level 2 of the Orcish Mines
 28240 | Orc:2    | Noticed an orc warlord
 28249 | Orc:2    | Killed an orc warlord
 28261 | Orc:2    | Received a gift from Trog
 28265 | Orc:2    | Reached skill level 18 in Axes
 28366 | Orc:2    | Found Moremop's General Store.
 28389 | Orc:2    | Bought a scroll of identify for 34 gold pieces
 28452 | Orc:2    | Found Apic's Antique Weapon Shoppe.
 28489 | Orc:2    | Found Nouburud's Antique Armour Emporium.
 28666 | Orc:2    | Found a dark tunnel.
 28703 | Volcano  | Entered a volcano
 29738 | Orc:2    | Found Cihoceusm's Jewellery Boutique.
 29766 | Orc:2    | Bought a pair of glowing gloves for 202 gold pieces
 29893 | Orc:2    | Found a staircase to the Elven Halls.
 30094 | D:7      | Bought a +0 crystal plate armour for 960 gold pieces
 30296 | D:13     | Reached ****** piety under Trog
 30373 | D:13     | Found a frozen archway.
 30382 | IceCv    | Entered an ice cave
 30392 | IceCv    | Received a gift from Trog
 30914 | IceCv    | Found an ancient bone altar of Kikubaaqudgha.
 30919 | IceCv    | Slain by an entropy weaver simulacrum

Illustrated notes

Levels and vault maps discovered:
D:1:      lightli_iron_boxes, layout_loops_ring
D:2:      layout_basic, uniq_terence, uniq_natasha, uniq_sigmund
D:3:      layout_loops_ring, nicolae_gozag_cash_rules_everything_around_me,
          cheibrodos_sewer_entry_sluice, nrook_loot_triangle, uniq_jessica,
          uniq_grinder
D:4:      minmay_chambers_of_twos, layout_loops_ring, minmay_misc_feat_enclosed,
          st_stairs_4, kennysheep_cross_room, minmay_crystal_room,
          chequers_jeans, minmay_liquid_box, nrook_uturn
D:5:      minmay_inner_zag, layout_basic, kennysheep_little_box,
          nicolae_ossuary_entry_monument
D:6:      layout_basic, minmay_temple_entry_glass
D:7:      layout_basic, palyth_temple_overflow_mages, serial_shops, shop,
          hangedman_feature_mirror
D:8:      layout_loops_corners, due_lair_maze_entry_diamond, jiyva_altar_1
D:9:      layout_long_grid, xom_shifter_show,
          chequers_temple_overflow_statue_of_worship, kennysheep_generic_room_5
D:10:     layout_rooms, mainiacjoe_overflow_paths, nicolae_ashenzari_skybound,
          nicolae_trove_entry_crystal, uniq_josephine
D:11:     minmay_the_grid_3x3 [minmay_the_grid_garden,
          minmay_the_grid_stretched_grid, minmay_the_grid_small_cups,
          minmay_the_grid_plusring, minmay_the_grid_empty,
          minmay_the_grid_outer_circle, minmay_the_grid_paths,
          minmay_the_grid_spikes, minmay_the_grid_prize_diamond_cup],
          layout_loops_corners, dancing_weapons_uskayaw, uniq_nergalle,
          uniq_psyche
D:12:     layout_cave_pods, david_orc_1_choice, serial_co_window_serial,
          co_window_of_opportunity_a, co_window_paths_b, co_window_paths_a,
          co_window_paths_b, co_window_paths_b, co_window_paths_b,
          co_window_corner_a, co_window_corner_ca, co_window_2corner,
          co_window_broadway_a, co_window_corner_b, co_window_of_opportunity_b,
          co_window_of_opportunity_c, co_window_paths_e
D:13:     layout_layer_cave, portal_ice_cave_entry_imps, gammafunk_ghost_icy
Lair:1:   layout_regular_city
Lair:2:   layout_hall_layers, special_room [special_room_bee],
          grunt_megastairs_3
Lair:3:   layout_roguey, chequers_serial_rivers_small_b
Lair:4:   layout_big_grid, minmay_swamp_entry_reptiles,
          guppyfry_snake_entry_island, uniq_kirke
Lair:5:   layout_cave_pods, minmay_slime_entry_pillars, gauntlet_entry_generic,
          uniq_rupert
Lair:6:   minmay_lair_end_enchanted_forest, layout_cave_pods,
          gammafunk_ghost_arena, serial_bayou_crossing, grunt_megastairs_1
Slime:1:  layout_caves
Orc:1:    layout_diamond_mine, serial_shops, shop_statue, nicolae_orc_tapped_out
Orc:2:    grunt_orc_gardens, layout_caves, grunt_orc_garden, grunt_orc_garden,
          grunt_orc_garden, grunt_orc_garden, nicolae_volcano_entry_two_sided,
          basic_altar
IceCv:    ice_cave_small_necro

Skill      XL: |  1  2  3  4  5  6  7  8  9 10 11 12 13 14 15 |
---------------+----------------------------------------------+-----
Axes           | 4 6 7 8 9 11 12 13 14 16 17 18 | 18.0
Fighting       | 5 6 7 8 9 10 11 12 13 | 13.9
Throwing       | 1 2 5 8 10 12 13 14 15 16 | 16.0
Evocations     | 2 4 6 8 9 10 11 | 11.6
Shields        | 2 6 8 11 13 | 13.6
Armour         | 4 |  4.7
Dodging        | 4 |  4.4

Action                   |  1- 3 |  4- 6 |  7- 9 | 10-12 | 13-15 || total
-------------------------+-------+-------+-------+-------+-------++-------
Melee: Hand axe          |    47 |   105 |   341 |   223 |       ||   716
       Headbutt          |     5 |    19 |   102 |   108 |   281 ||   515
       Punch             |       |     1 |       |       |       ||     1
       War axe           |       |       |       |   215 |  1057 ||  1272
       Broad axe         |       |       |       |       |   176 ||   176
Throw: Stone             |       |     9 |   146 |   165 |   402 ||   722
       Dart              |       |     1 |     4 |     9 |       ||    14
       Boomerang         |       |       |       |    12 |   119 ||   131
Invok: Berserk           |     1 |     1 |     1 |     4 |     9 ||    16
       Trog's Hand       |       |       |     1 |     2 |     2 ||     5
       Brothers in Arms  |       |       |       |       |     1 ||     1
Evoke: Wand              |       |       |       |     3 |       ||     3
  Use: Scroll            |       |     5 |     9 |     5 |    21 ||    40
       Potion            |       |       |       |       |     9 ||     9
 Stab: Sleeping          |     1 |       |       |       |       ||     1
       Distracted        |       |       |       |       |     2 ||     2
Armor: Animal skin       |     5 |     1 |       |       |       ||     6
       Leather armour    |       |     6 |       |       |       ||     6
       Chain mail        |       |    13 |       |    35 |   404 ||   452
       Plate armour      |       |    24 |   153 |   193 |    43 ||   413
       Crystal plate arm |       |       |       |       |   119 ||   119
       Ring mail         |       |       |       |       |     7 ||     7
Dodge: Dodged            |    31 |    49 |    76 |    99 |   225 ||   480
Block: Orb               |       |     9 |    57 |    60 |       ||   126
       Reflection        |       |       |     1 |     5 |    17 ||    23
       Kite shield       |       |       |       |    96 |   918 ||  1014
